Map: Ulrena

Players

ILLBdA - Winner!

  • Race: Protoss Protoss
  • League: Diamond

김동현

  • Race: Terran Terran
  • League: Platinum

VOD

Have the link to the VOD?

Description

Time

  • Played on: Dec. 16, 2015, 12:45 a.m.
  • Length: 8:05
Show
View Real Time Build Order
Export as new Build Order

ILLBdA Protoss - Winner!

Build Orders: Oracle Opening, Mass Adepts 

Get SALT Encoding   

  12  0:01  Probe (Chrono Boost)  
  13  0:12  Probe (Chrono Boost)  
  14  0:19  Pylon  
  14  0:22  Probe (Chrono Boost)  
  15  0:37  Probe (Chrono Boost)  
  15  0:38  Gateway  
  16  0:48  Probe (Chrono Boost), Assimilator  
  17  0:56  Assimilator  
  17  0:58  Probe (Chrono Boost)  
  18  1:09  Probe (Chrono Boost)  
  19  1:19  Probe (Chrono Boost)  
  20  1:27  Cybernetics Core  
  20  1:30  Probe (Chrono Boost)  
  20  1:32  Pylon  
  21  1:40  Probe (Chrono Boost)  
  22  1:51  Probe (Chrono Boost)  
  23  2:03  Adept (Chrono Boost)  
  23  2:04  Warp Gate  
  23  2:06  Mothership Core  
  27  2:10  Pylon  
  27  2:27  Adept (Chrono Boost)  
  27  2:28  Probe, Stargate  
  30  2:33  Gateway  
  30  2:48  Pylon  
  30  2:49  Pylon  
  30  2:53  Pylon  
  30  3:13  Adept (Chrono Boost)  
  30  3:17  Oracle (Chrono Boost)  
  35  3:30  Gateway  
  35  3:32  Gateway  
  35  3:33  Adept  
  35  3:52  Void Ray (Chrono Boost)  
  35  4:09  Mothership Core  
  37  4:22  Adept x2  
  41  4:25  Adept x2  
  45  4:54  Adept x3  
  53  5:07  Void Ray (Chrono Boost)  
  53  5:27  Adept  
  41  5:43  Adept x2  
  41  5:44  Adept, Void Ray (Chrono Boost)  
  51  6:06  Adept  
  51  6:07  Adept  
  50  6:21  Phoenix (Chrono Boost)  
  43  6:43  Phoenix (Chrono Boost)  
  43  6:46  Adept  
  38  6:51  Probe  
  33  7:47  Probe  
Show
View Real Time Build Order
Export as new Build Order

김동현 Terran 

Build Orders: Liberator Opening 

Get SALT Encoding   

  12  0:00  SCV  
  13  0:13  SCV  
  14  0:25  Supply Depot, SCV  
  15  0:47  SCV, Barracks  
  16  0:51  Refinery  
  16  0:59  SCV  
  17  1:12  SCV  
  17  1:13  Supply Depot, Refinery  
  18  1:39  Marine  
  19  1:43  Orbital Command  
  19  1:46  Factory  
  19  2:00  Marine  
  20  2:09  SCV  
  21  2:21  SCV  
  21  2:22  Marine  
  23  2:30  Factory Tech Lab, Starport  
  23  2:34  SCV  
  24  2:45  Barracks Reactor  
  24  2:46  Supply Depot, SCV  
  25  2:51  Liberator  
  25  2:58  SCV  
  26  3:01  Siege Tank  
  26  3:02  Bunker  
  31  3:16  Bunker  
  23  3:49  SCV, Marine  
  23  4:01  SCV  
  21  4:13  SCV  
  21  4:15  Marine  
  23  4:35  Supply Depot  
  23  4:43  Siege Tank  
  23  4:45  SCV  
  23  4:57  SCV  
  22  5:00  Supply Depot  
  20  5:25  SCV  
  11  5:37  SCV  
  12  5:52  SCV  
  13  5:57  Factory Tech Lab  
  13  6:00  Supply Depot, Viking  
  13  6:02  Marine  
  16  6:17  Widow Mine  
  11  7:14  SCV  
Tags
 
Add a new tag
Caveats
  • Supply blocks, unpowered buildings, or Contaminate may cause inaccurate times.
  • Supply counts are checked every 10 seconds.